 Dungeon Sprint DCSS version bcrawl-1.15.1-4-g77d781cab4 (webtiles) character file.

Game seed: 4174016958439152261

79361 Groucho the Severer (level 15, -10/154 HPs)
             Began as a Naga Sloth Apostle on Oct 7, 2019.
             Was the Champion of Cheibriados.
             Killed from afar by Nikola (21 damage)
             ... with a chain lightning
             ... in the Dungeon (Sprint IX: "|||||||||||||||||||||||||||||").
             The game lasted 00:23:10 (7722 turns).

Groucho the Severer (Naga Sloth Apostle)            Turns: 7722, Time: 00:23:10

Health: -10/154    AC: 32    Str: 30    XL:     15   Next: 63%
Magic:  27/27      EV: 22    Int: 28    God:    Cheibriados [******]
Gold:   1922       SH: 24    Dex: 31    Spells: 15/16 levels left

rFire    + + +     SeeInvis +   J - +3 broad axe
rCold    . . .     Gourm    .   e - +0 large shield {rF+}
rNeg     . . .     Faith    .   z - +6 fire dragon scales of Xtahua {rF+++ rC- MR+}
rPois    +         Spirit   .   M - +1 helmet
rElec    .         Reflect  .   g - +2 cloak {rPois}
rCorr    .         Harm     .   K - +1 pair of gloves
MR       ++...     NoTele   +   (no barding)
Stlth    ++........             (no amulet)
HPRegen  0.35/turn              b - +2 ring of protection
MPRegen  0.20/turn              F - ring of ice

@: very slow
A: large, see invisible, deformed body, poison resistance, slowness 2, slow
metabolism 1, spit poison 1, constrict 1, AC +5
a: Spit Poison, Bend Time, Temporal Distortion, Slouch, Step From Time, Renounce
Religion


You were in the Dungeon.
You worshipped Cheibriados.
Cheibriados was exalted by your worship.
You were full.

You visited 1 branch You collected 1922 gold pieces.

Inventory:

Hand Weapons
 q - a +3 war axe of freezing
 B - a +2 war axe of flaming
 C - a +2 eveningstar of holy wrath
 J - a +3 broad axe (weapon)
Missiles
 A - 234 tomahawks (quivered)
 E - 117 javelins of penetration
Armour
 a - +0 gold dragon scales
 e - a +0 large shield of fire resistance (worn)
 g - a +2 cloak of poison resistance (worn)
 z - the +6 fire dragon scales of Xtahua (worn) {rF+++ rC- MR+}
   (You found it in the Dungeon)

   It renders you almost immune to fire.
   It makes you vulnerable to cold.
   It affects your resistance to hostile enchantments.
 K - a +1 pair of gloves (worn)
 M - a +1 helmet (worn)
Jewellery
 b - a +2 ring of protection (left hand)
 F - a ring of ice (right hand)
 G - an uncursed ring of fire
 H - an uncursed ring of protection from fire
 I - an uncursed ring of protection from magic
Wands
 c - a wand of iceblast (11)
 d - a wand of paralysis (15)
 o - a wand of acid (10)
Scrolls
 k - 4 scrolls of blinking
 m - 6 scrolls of remove curse
 n - 2 scrolls of amnesia
 v - 8 scrolls of enchant weapon
 w - 2 scrolls of identify
 x - 2 scrolls of enchant armour
 y - 2 scrolls of fog
Potions
 h - 2 potions of haste
 i - 3 potions of magic
 j - 2 potions of berserk rage
 l - 4 potions of curing
 p - 4 potions of heal wounds
 r - 3 potions of resistance
 s - 2 potions of might
 t - 3 potions of agility
 u - 4 potions of mutation
 D - a potion of lignification {unknown}
Comestibles
 f - 5 rations {!d}


   Skills:
 * Level 15.1 Fighting
 - Level 18.6 Axes
 + Level 10.1 Throwing
 * Level 16.3 Armour
 * Level 14.1 Dodging
 - Level 4.8 Stealth
 * Level 16.1 Shields
 + Level 4.5 Unarmed Combat
 - Level 1.0 Spellcasting
 - Level 1.0 Hexes
 - Level 17.5 Invocations
 - Level 1.0 Evocations


You had 15 spell levels left.
You knew the following spells:

 Your Spells              Type           Power        Failure   Level  Hunger
a - Slow                  Hex            #.......     12%         1    ##.....

Your spell library contained the following spells:

 Spells                   Type           Power        Failure   Level  Hunger
 Ensorcelled Hibernation  Hex/Ice        #.....       22%         2    ###....
 Borgnjor's Vile Clutch   Necr/Erth      #.........   100%        6    #######
 Darkness                 Hex            #.........   100%        6    #######
 Infestation              Hex/Tmut/Pois  #........    100%        6    #######
 Shadow Creatures         Summ           N/A          100%        6    #######
 Time Stop                Chrm/Tloc      N/A          100%        8    #######


Dungeon Overview and Level Annotations

Branches:
Dungeon (1/1)

Altars:
Cheibriados
Dithmenos
Elyvilon
Fedhas
Gozag
Hepliaklqana
Kikubaaqudgha
Lugonu
Makhleb
Nemelex Xobeh
Okawaru
Qazlal
Ru
Sif Muna
Trog
Uskayaw
Vehumet
Wu Jian
Xom
Yredelemnul
Zin
The Shining One
Beogh
Jiyva

Shops:
D %::[

Annotations:
D Nikola


Innate Abilities, Weirdness & Mutations

You cannot wear boots.
Your serpentine skin is tough. (AC +5)
You have supernaturally acute eyesight. (SInv)
Armour fits poorly on your strangely shaped body.
Your system is resistant to poisons. (rPois)
You cover ground very slowly.
You have a slow metabolism.
You can spit poison.
You can use your snake-like lower body to constrict enemies.


Message History

You constrict Nikola. You slash Nikola!
Nikola is moderately wounded.
You constrict Nikola.
Nikola gestures wildly while chanting.
You hear a mighty clap of thunder!
The lightning arc hits you!
The lightning arc hits Nikola.
Nikola resists.
The lightning arc hits you!
The lightning arc hits Nikola.
Nikola resists.
The lightning arc hits you!
* * * LOW HITPOINT WARNING * * *
The lightning arc hits Nikola.
Nikola resists.
The lightning arc hits you!
* * * LOW HITPOINT WARNING * * *
You hear a shout!
You hear a roar! x2
You slice Nikola!!
Nikola is heavily wounded.
You constrict Nikola.
Nikola mumbles some strange words.
You hear a mighty clap of thunder!
The lightning arc hits you!
You die...

.................................
▓▓▓▓▓▓▓▓▓▓▓▓▓▓▓▓▓▓▓▓▓▓▓▓▓▓▓▓▓▓▓▓▓
))))))†.......))(....)().).......
▓▓▓▓▓▓▓▓▓▓▓▓▓▓▓▓▓▓▓▓▓▓▓▓▓▓▓▓▓▓▓▓▓
................................[
▓▓▓▓▓▓▓▓▓▓▓▓▓▓▓▓▓▓▓▓▓▓▓▓▓▓▓▓▓▓▓▓▓
......[[[.[....))))))=..====..'..
▓▓▓▓▓▓▓▓▓▓▓▓▓▓▓▓▓▓▓▓▓▓▓▓▓▓▓▓▓▓▓▓▓
................@@......
♣♣♣♣♣♣♣♣▓▓▓▓▓▓▓▓▓▓▓▓▓▓▓▓


You could see Nikola.

Vanquished Creatures
  Margery (D)
  Xtahua (D)
  Frederick (D)
  Frances (D)
  Donald (D)
  A vault warden (D)
  An orc warlord (D)
  Louise (D)
  6 stone giants (D)
  2 ironheart preservers (D)
  A very ugly thing (D)
  An entropy weaver (D)
  A red draconian (D)
  3 ettins (D)
  2 fire dragons (D)
  4 great orbs of eyes (D)
  2 ice dragons (D)
  A rakshasa (D)
  5 centaur warriors (D)
  5 hydras (D)
  4 naga warriors (D)
  Psyche (D)
  A ghost crab (D)
  A death knight (D)
  A dancing weapon (D)
  An alligator (D)
  A tengu warrior (D)
  An ogre mage (D)
  5 orc high priests (D)
  Urug (D)
  A naga sharpshooter (D)
  3 hell knights (D)
  Nergalle (D)
  A flayed ghost (D)
  2 sea snakes (D)
  2 ironbrand convokers (D)
  8 orc knights (D)
  4 lindwurms (D)
  An orb spider (D)
  A necromancer (D)
  A harpy (D)
  2 wolf spiders (D)
  2 manticores (D)
  4 ugly things (D)
  Joseph (D)
  Maurice (D)
  2 merfolk sirens (D)
  2 naga magi (D)
  2 vault sentinels (D)
  A guardian serpent (D)
  A water nymph (D)
  A cane toad (D)
  A demonic crawler (D)
  2 yaktaurs (D)
  A komodo dragon (D)
  An efreet (D)
  A merfolk (D)
  A troll (D)
  A wind drake (D)
  A jumping spider (D)
  A tyrant leech (D)
  2 bog bodies (D)
  2 slime creatures (D)
  A blink frog (D)
  A blink frog (shapeshifter) (D)
  5 hippogriffs (D)
  A redback (D)
  2 tarantellas (D)
  2 yaks (D)
  A golden eye (shapeshifter) (D)
  An acid dragon (D)
  A soldier ant (D)
  A naga (D)
  A water moccasin (D)
  2 porcupines (D)
  10 orc warriors (D)
  A wolf (D)
  3 ogres (D)
  A crocodile (D)
  3 bullfrogs (D)
  4 crimson imps (D)
  4 orc priests (D)
  2 orc wizards (D)
  A worker ant (D)
  2 adders (D)
  3 worms (D)
  A dart slug (D)
  9 orcs (D)
  A giant cockroach (D)
  2 goblins (D)
  A hobgoblin (D)
  A quokka (D)
  A ball python simulacrum (D)
  A leopard gecko simulacrum (D)
  A leopard gecko zombie (D)
  A quokka skeleton (D)
188 creatures vanquished.

Vanquished Creatures (others)
  An alligator (D)
  A slime creature (D)
  A tyrant leech (D)
  A swamp drake (D)
4 creatures vanquished.

Grand Total: 192 creatures vanquished

Notes
Turn   | Place    | Note
-------+----------+-------------------------------------------
     0 | D        | Groucho the Naga Sloth Apostle began the quest for the Orb.
     0 | D        | Reached XP level 1. HP: 19/19 MP: 2/2
     8 | D        | Reached skill level 1 in Invocations
    24 | D        | Reached * piety under Cheibriados
    24 | D        | Reached XP level 2. HP: 8/26 MP: 3/3
   361 | D        | Noticed a crimson imp
   361 | D        | Noticed a crimson imp
   364 | D        | Reached ** piety under Cheibriados
   367 | D        | Reached skill level 3 in Axes
   367 | D        | Reached skill level 1 in Armour
   367 | D        | Reached skill level 1 in Dodging
   383 | D        | Killed a crimson imp
   383 | D        | Reached XP level 3. HP: 23/34 MP: 3/5
   391 | D        | Reached skill level 4 in Axes
   391 | D        | Reached XP level 4. HP: 28/42 MP: 3/7
   691 | D        | Found a roughly hewn altar of Beogh.
   691 | D        | Found a snail-covered altar of Cheibriados.
   691 | D        | Found a shadowy altar of Dithmenos.
   691 | D        | Found a white marble altar of Elyvilon.
   691 | D        | Found a blossoming altar of Fedhas.
   691 | D        | Found an opulent altar of Gozag.
   692 | D        | Found a hazy altar of Hepliaklqana.
   693 | D        | Found a viscous altar of Jiyva.
   694 | D        | Found an ancient bone altar of Kikubaaqudgha.
   695 | D        | Found a corrupted altar of Lugonu.
   696 | D        | Found a burning altar of Makhleb.
   697 | D        | Found a sparkling altar of Nemelex Xobeh.
   698 | D        | Found an iron altar of Okawaru.
   699 | D        | Found a stormy altar of Qazlal.
   700 | D        | Found a sacrificial altar of Ru.
   701 | D        | Found a shimmering blue altar of Sif Muna.
   702 | D        | Found a bloodstained altar of Trog.
   703 | D        | Found a hide-covered altar of Uskayaw.
   704 | D        | Found a radiant altar of Vehumet.
   705 | D        | Found an ornate altar of the Wu Jian Council.
   706 | D        | Found a shimmering altar of Xom.
   707 | D        | Found a basalt altar of Yredelemnul.
   708 | D        | Found a glowing silver altar of Zin.
   709 | D        | Found a glowing golden altar of the Shining One.
   756 | D        | Noticed a hippogriff
   756 | D        | Noticed a slime creature
   756 | D        | Noticed a hippogriff
   756 | D        | Noticed an ogre
   760 | D        | Reached *** piety under Cheibriados
   764 | D        | Killed an ogre
   764 | D        | Reached skill level 5 in Axes
   764 | D        | Reached skill level 5 in Invocations
   764 | D        | Reached XP level 5. HP: 49/50 MP: 7/9
   773 | D        | Killed a hippogriff
   773 | D        | Reached **** piety under Cheibriados
   773 | D        | Reached skill level 6 in Axes
   773 | D        | Reached skill level 5 in Shields
   773 | D        | Reached XP level 6. HP: 29/60 MP: 8/11
   781 | D        | Killed a slime creature
   781 | D        | Reached skill level 5 in Fighting
   781 | D        | Reached skill level 7 in Axes
   781 | D        | Reached XP level 7. HP: 14/67 MP: 9/12
   787 | D        | Killed a hippogriff
   787 | D        | Reached skill level 8 in Axes
   791 | D        | Reached ***** piety under Cheibriados
  1137 | D        | Noticed a troll
  1137 | D        | Noticed a centaur warrior
  1137 | D        | Noticed a soldier ant
  1146 | D        | Killed a soldier ant
  1146 | D        | Reached XP level 8. HP: 75/76 MP: 14/14
  1151 | D        | Killed a centaur warrior
  1151 | D        | Reached skill level 9 in Axes
  1151 | D        | Reached skill level 5 in Armour
  1151 | D        | Reached skill level 5 in Dodging
  1155 | D        | Killed a troll
  1155 | D        | Reached ****** piety under Cheibriados
  1155 | D        | Reached skill level 10 in Invocations
  1155 | D        | Reached XP level 9. HP: 45/85 MP: 10/16
  1403 | D        | Noticed an eight-headed hydra
  1405 | D        | Reached skill level 10 in Axes
  1406 | D        | Killed an eight-headed hydra
  1517 | D        | Reached XP level 10. HP: 86/96 MP: 18/18
  1536 | D        | Noticed an eight-headed hydra
  1538 | D        | Reached skill level 11 in Axes
  1538 | D        | Noticed a cane toad
  1540 | D        | Killed an eight-headed hydra
  1540 | D        | Killed a cane toad
  1748 | D        | Noticed a lindwurm
  1748 | D        | Noticed a lindwurm
  1748 | D        | Noticed a lindwurm
  1757 | D        | Killed a lindwurm
  1757 | D        | Reached skill level 10 in Shields
  1770 | D        | Killed a lindwurm
  1777 | D        | Killed a lindwurm
  1777 | D        | Reached skill level 12 in Axes
  1777 | D        | Reached XP level 11. HP: 30/104 MP: 18/20
  1781 | D        | Noticed a lindwurm
  1794 | D        | Killed a lindwurm
  2296 | D        | Noticed Psyche
  2305 | D        | Killed Psyche
  2533 | D        | Noticed a stone giant
  2548 | D        | Killed a stone giant
  2718 | D        | Reached skill level 10 in Armour
  2802 | D        | Found Anlilite's Antique Armour Boutique.
  2802 | D        | Noticed an orc high priest
  2802 | D        | Noticed an orc knight
  2802 | D        | Noticed an orc knight
  2802 | D        | Noticed an orc knight
  2802 | D        | Noticed an orc high priest
  2803 | D        | Noticed an orc knight
  2804 | D        | Killed an orc high priest
  2804 | D        | Reached skill level 13 in Axes
  2804 | D        | Killed an orc high priest
  2806 | D        | Noticed an orc knight
  2809 | D        | Killed an orc knight
  2809 | D        | Noticed an orc high priest
  2811 | D        | Killed an orc knight
  2815 | D        | Killed an orc knight
  2816 | D        | Killed an orc knight
  2816 | D        | Reached skill level 10 in Fighting
  2816 | D        | Reached XP level 12. HP: 110/116 MP: 7/22
  2816 | D        | Killed an orc high priest
  2820 | D        | Found Hunownin's Book Shop.
  2824 | D        | Found Irhy's Book Boutique.
  2828 | D        | Found Oqy Deuhox's Food Shop.
  2907 | D        | Noticed an orc high priest
  2908 | D        | Noticed an orc high priest
  2910 | D        | Killed an orc high priest
  2910 | D        | Killed an orc high priest
  2921 | D        | Reached skill level 14 in Axes
  2926 | D        | Reached skill level 15 in Invocations
  2966 | D        | Noticed Urug
  2980 | D        | Killed Urug
  3032 | D        | Noticed Joseph
  3041 | D        | Killed Joseph
  3114 | D        | Found the +3 robe of Folly {Archmagi, MR-- Int+5}
  3114 | D        | Got the +0 longbow of Vogam {flame, rPois rF+ rN+ Stlth-}
  3193 | D        | Noticed a centaur warrior
  3202 | D        | Noticed an eight-headed hydra
  3209 | D        | Killed a centaur warrior
  3209 | D        | Reached skill level 1 in Throwing
  3219 | D        | Noticed a stone giant
  3233 | D        | Killed a three-headed hydra
  3234 | D        | Noticed an ice dragon
  3238 | D        | Noticed a tengu warrior
  3240 | D        | Killed a stone giant
  3242 | D        | Killed a tengu warrior
  3244 | D        | Noticed a red very ugly thing
  3247 | D        | Killed an ice dragon
  3259 | D        | Killed a brown very ugly thing
  3259 | D        | Reached skill level 15 in Axes
  3259 | D        | Gained mutation: You can use your snake-like lower body to
                  | constrict enemies. [Naga growth]
  3259 | D        | Reached XP level 13. HP: 34/127 MP: 1/25
  3665 | D        | Noticed a stone giant
  3674 | D        | Killed a stone giant
  4185 | D        | Noticed Donald
  4196 | D        | Killed Donald
  4275 | D        | Noticed Nergalle
  4282 | D        | Killed Nergalle
  4354 | D        | Noticed Maurice
  4356 | D        | Killed Maurice
  4404 | D        | Noticed Frances
  4420 | D        | Killed Frances
  4800 | D        | Reached skill level 5 in Throwing
  4800 | D        | Reached skill level 10 in Dodging
  4976 | D        | Reached skill level 16 in Axes
  5261 | D        | Reached XP level 14. HP: 23/139 MP: 5/26
  5877 | D        | Noticed an entropy weaver
  5894 | D        | Killed an entropy weaver
  6053 | D        | Reached skill level 17 in Axes
  6055 | D        | Noticed a stone giant
  6063 | D        | Killed a stone giant
  6074 | D        | Noticed a stone giant
  6078 | D        | Noticed a stone giant
  6087 | D        | Killed a stone giant
  6103 | D        | Killed a stone giant
  6769 | D        | Noticed a vault warden
  6772 | D        | Reached skill level 18 in Axes
  6772 | D        | Noticed an ironheart preserver
  6773 | D        | Killed a vault warden
  6773 | D        | Reached skill level 15 in Armour
  6776 | D        | Noticed an orc warlord
  6781 | D        | Killed an ironheart preserver
  6783 | D        | Reached skill level 15 in Shields
  6785 | D        | Reached XP level 15. HP: 150/150 MP: 27/27
  6795 | D        | Killed an orc warlord
  6883 | D        | Noticed Xtahua
  6890 | D        | Noticed Frederick
  6891 | D        | Paralysed by Xtahua for 2 turns
  6900 | D        | Killed Xtahua
  6901 | D        | Found the +6 fire dragon scales of Xtahua {rF+++ rC- MR+}
  6906 | D        | Killed Frederick
  7276 | D        | Noticed Margery
  7287 | D        | Killed Margery
  7287 | D        | Reached skill level 15 in Fighting
  7287 | D        | Reached skill level 10 in Throwing
  7455 | D        | Noticed Louise
  7468 | D        | Killed Louise
  7564 | D        | Got the +1 demon trident "Hilaux" {freeze, rN+}
  7716 | D        | Noticed Nikola
  7722 | D        | Killed from afar by Nikola

Skill      XL: |  1  2  3  4  5  6  7  8  9 10 11 12 13 14 15 |
---------------+----------------------------------------------+-----
Shields        | 2 3 4 5 6 7 9 10 11 12 13 15 16 | 16.1
Invocations    | 1 3 4 5 7 8 10 11 12 14 16 17 | 17.5
Axes           | 3 4 5 6 7 8 9 10 12 13 15 16 18 | 18.6
Armour         | 1 2 3 4 6 7 9 10 12 13 15 16 | 16.3
Dodging        | 1 2 3 4 5 6 7 8 9 10 12 14 | 14.1
Fighting       | 3 4 5 6 7 8 10 11 12 13 15 | 15.1
Throwing       | 3 6 8 10 | 10.1
Unarmed Combat | 4 |  4.5
Stealth        | |  4.8
Spellcasting   | |  1.0
Hexes          | |  1.0
Evocations     | |  1.0

Action                   |  1- 3 |  4- 6 |  7- 9 | 10-12 | 13-15 || total
-------------------------+-------+-------+-------+-------+-------++-------
Melee: Hand axe          |    45 |       |       |       |       ||    45
       War axe           |       |    25 |    32 |   176 |    76 ||   309
       Constrict         |       |       |       |       |    31 ||    31
       Broad axe         |       |       |       |       |   147 ||   147
Throw: Tomahawk          |       |       |       |     7 |     5 ||    12
Invok: Slouch            |       |       |     4 |    18 |    37 ||    59
Evoke: Wand              |     3 |       |       |     1 |       ||     4
  Use: Potion            |     2 |       |     1 |     2 |     4 ||     9
       Scroll            |       |       |       |       |     2 ||     2
 Stab: Sleeping          |     1 |       |       |       |       ||     1
       Paralysed         |     8 |       |       |       |       ||     8
       Invisible         |       |       |       |       |     2 ||     2
  Eat: Ration            |       |       |       |     1 |     5 ||     6
       Chunk             |       |       |       |     1 |       ||     1
Armor: Robe              |     1 |       |       |       |       ||     1
       Chain mail        |       |    17 |    16 |    34 |       ||    67
       Plate armour      |       |       |       |    31 |    85 ||   116
Dodge: Dodged            |     9 |     9 |     7 |    59 |    76 ||   160
Block: Shield            |    17 |    15 |    18 |   109 |   136 ||   295
       Large shield      |       |       |       |       |     2 ||     2
